 Dungeon Crawl Stone Soup version 0.27.1-33-g824d729ab1 (webtiles) character file.

Game seed: 4972811467077371382

1728 halfoni the Cleaver (level 9, -6/102 HPs)
             Began as a Human Berserker on Dec 27, 2021.
             Was an Elder of Trog.
             Mangled by a five-headed hydra (10 damage)
             ... on level 7 of the Dungeon.
             The game lasted 00:10:59 (6157 turns).

halfoni the Cleaver (Human Berserker)               Turns: 6157, Time: 00:11:00

Health: -6/102     AC: 16    Str: 21    XL:     9   Next: 25%
Magic:  9/9        EV:  9    Int: 13    God:    Trog [****..]
Gold:   144        SH:  0    Dex: 13    Spells: 8/8 levels left

rFire    . . .     SeeInvis .   k - +1 war axe (flame)
rCold    + . .     Faith    .   (no shield)
rNeg     . . .     Spirit   .   n - +0 chain mail
rPois    .         Reflect  .   v - +2 helmet
rElec    .         Harm     .   (no cloak)
rCorr    .         Rampage  .   (no gloves)
Will     .....                  f - +2 pair of boots
Stlth    ..........             j - amulet of regeneration
HPRegen  1.27/turn              g - +6 ring of intelligence
MPRegen  0.11/turn              i - ring of protection from cold

@: berserking (expiring), lethally poisoned (-6 -> -11), studying Dodging, very
quick
A: no striking features
a: Renounce Religion, Berserk, Trog's Hand, Brothers in Arms


You were on level 7 of the Dungeon.
You worshipped Trog.
Trog was greatly pleased with you.
You visited 1 branch of the dungeon, and saw 7 of its levels.
You also visited: Sewer.

You collected 193 gold pieces.
You spent 49 gold pieces at shops.

Inventory:

Hand Weapons
 k - a +1 war axe of flaming (weapon)
Armour
 f - a +2 pair of boots (worn)
 n - a +0 chain mail (worn)
 v - a +2 helmet (worn)
Jewellery
 g - a +6 ring of intelligence (left hand)
 i - a ring of protection from cold (right hand)
 j - an amulet of regeneration (around neck)
Wands
 e - a wand of paralysis (6)
 l - a wand of charming (10)
 u - a wand of polymorph (5)
Scrolls
 b - a scroll of amnesia
 c - 2 scrolls of immolation
 d - 6 scrolls of teleportation
 o - a scroll of fear
 r - 2 scrolls of magic mapping
 s - a scroll of identify
Potions
 a - a potion of experience
 h - 6 potions of heal wounds
 m - 2 potions of invisibility
 p - 2 potions of curing
 q - a potion of flight {unknown}
 t - 2 potions of attraction {unknown}
 w - 2 potions of cancellation {unknown}
 x - a potion of degeneration {unknown}
 z - 2 potions of brilliance {unknown}


   Skills:
 + Level 5.5 Fighting
 + Level 8.9 Axes
 + Level 5.5 Armour
 + Level 4.3 Dodging


You had 8 spell levels left.
You didn't know any spells.
Your spell library was empty.

Dungeon Overview and Level Annotations

Branches:
Dungeon (6/15)             Temple (0/1) D:6           Sewer (visited)

Altars:
Elyvilon
Uskayaw

Shops:
D:2 (   D:4 [


Message History

You closely miss the hornet.
You feel yourself speed up.
You feel very sick.
The hornet stings you but does no damage.
The hornet stings you!
You are more poisoned.
You feel yourself slow down.
You closely miss the hornet.
The hornet is lightly wounded.
You feel yourself speed up.
You feel very sick.
The hornet stings you but does no damage.
You slash the hornet! You burn the hornet.
The hornet is moderately wounded.
You feel sick. The hornet stings you!
* * * LOW HITPOINT WARNING * * *
You are more poisoned.
You feel yourself slow down.
You slash the hornet! You burn the hornet!
You kill the hornet!
Trog accepts your kill.
* * * LOW HITPOINT WARNING * * *
You feel extremely sick.
You hit the gargoyle. You burn the gargoyle.
The gargoyle is moderately damaged.
You feel yourself speed up.
You feel very sick.
Unknown command.
You are too berserk!
You lop one of the six-headed hydra's heads off!
The flame cauterises the wound!
You slice the five-headed hydra!! You burn the five-headed hydra!
The five-headed hydra is moderately wounded.
You feel very sick.
The five-headed hydra bites you but does no damage.
The five-headed hydra bites you.
* * * LOW HITPOINT WARNING * * *
The five-headed hydra closely misses you. x2
The five-headed hydra bites you!
You die...

#.# #.# #.#
#. #.. ...
#.# #.# #.#
... #.###.#
#@#.9.
#D#.#####.}
#9TT.TT...}
#.#####9#.[
#.# #.# #.#
..# ...


You could see a five-headed hydra, a troll and a gargoyle.

Vanquished Creatures
  A hornet (D:7)
  The ghost of HoboWithBrick the Skirmisher, an amateur DsFi (D:3)
  A necrophage (D:5)
  Blork the orc (D:6)
  4 kobold brigands (Sewer)
  A water moccasin zombie (D:5)
  A water moccasin skeleton (D:5)
  A vampire bat (D:5)
  A bullfrog zombie (D:3)
  A centaur zombie (D:7)
  4 hounds
  A jelly (D:4)
  2 orc priests (D:5)
  A bullfrog skeleton (D:3)
  A centaur skeleton (D:5)
  3 iguanas
  An orc wizard (D:5)
  2 killer bee zombies (D:3)
  13 adders
  3 river rats
  A white imp (D:5)
  2 adder skeletons
  3 worms
  A dart slug (D:1)
  3 fire bats (D:5)
  13 orcs
  2 spectral bats (D:5)
  5 ball pythons
  12 bats
  3 bat skeletons (D:5)
  A bat zombie (D:5)
  13 endoplasms
  8 giant cockroaches
  9 goblins
  5 hobgoblins
  2 quokkas
  A bat simulacrum (D:5)
  2 frilled lizards
  10 kobolds
  7 rats
147 creatures vanquished.

Notes
Turn   | Place    | Note
-------+----------+-------------------------------------------
     0 | D:1      | halfoni the Human Berserker began the quest for the Orb.
     0 | D:1      | Reached XP level 1. HP: 18/18 MP: 1/1
   123 | D:1      | Reached XP level 2. HP: 16/24 MP: 2/2
   858 | D:1      | Found a faded altar of an unknown god.
   871 | D:1      | Reached XP level 3. HP: 27/29 MP: 3/3
  1605 | D:2      | Found Wetsoj's Weapon Boutique.
  1614 | D:2      | Bought a +0 war axe for 49 gold pieces
  1801 | D:3      | Reached ** piety under Trog
  1824 | D:3      | Reached XP level 4. HP: 21/35 MP: 4/4
  1983 | D:3      | Reached skill level 4 in Axes
  2193 | D:3      | Found a runed translucent gate.
  2193 | D:3      | Found a runed translucent gate.
  2193 | D:3      | Found a runed translucent gate.
  2205 | D:3      | Noticed HoboWithBrick's ghost (amateur DsFi)
  2459 | D:3      | Reached XP level 5. HP: 42/42 MP: 5/5
  2465 | D:3      | Reached XP level 6. HP: 48/48 MP: 6/6
  2467 | D:3      | Killed HoboWithBrick's ghost
  2468 | D:3      | Reached skill level 5 in Axes
  2657 | D:4      | Reached XP level 7. HP: 54/54 MP: 7/7
  2792 | D:4      | Reached skill level 6 in Axes
  2983 | D:4      | Identified the +5 hunting sling of the Evil Eye {vorpal,
                  | *Slow rN+++ SInv Stlth+}
  2996 | D:4      | Identified the +0 ring mail of the Chupacabra {Will+ Slay+2
                  | Stlth-}
  3129 | D:4      | Found Qoeth's Armour Shop.
  3518 | D:5      | Entered Level 5 of the Dungeon
  3519 | D:5      | Found a glowing drain.
  3563 | Sewer    | Entered a sewer
  3659 | Sewer    | Reached *** piety under Trog
  3961 | Sewer    | Reached XP level 8. HP: 61/61 MP: 8/8
  4390 | Sewer    | Reached skill level 7 in Axes
  4796 | D:5      | Reached skill level 5 in Armour
  4810 | D:5      | Reached skill level 5 in Fighting
  4829 | D:5      | Reached **** piety under Trog
  5036 | D:5      | Reached skill level 8 in Axes
  5346 | D:5      | Found a white marble altar of Elyvilon.
  5355 | D:5      | Found a hide-covered altar of Uskayaw.
  5955 | D:6      | Noticed Blork the orc
  5962 | D:6      | Killed Blork the orc
  5963 | D:6      | Reached XP level 9. HP: 68/68 MP: 9/9
  6072 | D:6      | Found a staircase to the Ecumenical Temple.
  6139 | D:6      | You fall into a shaft and drop 1 floor!
  6139 | D:7      | Noticed a six-headed hydra
  6139 | D:7      | Noticed a gargoyle
  6139 | D:7      | Noticed a troll
  6140 | D:7      | Noticed a gargoyle
  6140 | D:7      | Noticed a hornet
  6144 | D:7      | Noticed a troll
  6147 | D:7      | Paralysed by a hornet for 2 turns
  6155 | D:7      | Killed a hornet
  6157 | D:7      | HP: 4/102 [five-headed hydra (6)]
  6157 | D:7      | Mangled by a five-headed hydra

Illustrated notes

Levels and vault maps discovered:
D:1:      minmay_arrival_arboretum_large, layout_basic,
          ebering_ecumenical_altar_ruins
D:2:      layout_basic, serial_shops, nicolae_lakefront_shop,
          nrook_mini_backslash
D:3:      layout_basic, gammafunk_ghost_necromancy
D:4:      layout_basic, serial_shops, nicolae_square_shop, corexii_checkpoint_b
D:5:      layout_layer_cave, grunt_temple_overflow_open, portal_sewer_entry_a,
          goddamned_bats
D:6:      layout_layer_cave, temple_statues, uniq_blork_the_orc
D:7:      minmay_the_grid_square_5x5_3x3 [minmay_the_grid_square_5x5_minimal,
          minmay_the_grid_square_5x5_checkered_statues,
          minmay_the_grid_square_5x5_comb, minmay_the_grid_square_5x5_two,
          minmay_the_grid_square_5x5_megaprize_open,
          minmay_the_grid_square_5x5_z, minmay_the_grid_square_5x5_inner_v,
          minmay_the_grid_square_5x5_intrusive_squares,
          minmay_the_grid_square_5x5_empty], layout_basic,
          mainiacjoe_overflow_boulevard, enter_bailey_5, serial_shops,
          nicolae_shop_window_shopping, uniq_maggie

Skill      XL: |  1  2  3  4  5  6  7  8 |
---------------+-------------------------+-----
Axes           | 4 5 6 8 |  8.9
Fighting       | 4 5 |  5.5
Armour         | 3 4 5 |  5.5
Dodging        | 3 4 |  4.3

Action                   |  1- 3 |  4- 6 |  7- 9 || total
-------------------------+-------+-------+-------++-------
Melee: Hand axe          |    54 |       |       ||    54
       War axe           |    22 |    74 |   314 ||   410
Invok: Berserk           |     3 |     2 |    12 ||    17
  Use: Scroll            |       |    10 |     5 ||    15
Armor: Animal skin       |     7 |       |       ||     7
       Ring mail         |     6 |     7 |       ||    13
       Chain mail        |       |    34 |   226 ||   260
Dodge: Dodged            |    45 |    41 |   175 ||   261
